 Dungeon Crawl Stone Soup version 0.17-a0-1769-g54adf96 (webtiles) character file.

65 TruthSerum the Cudgeler (level 4, -3/48 HPs)
             Began as an Ogre Gladiator on Sept 8, 2015.
             Was a Follower of Dithmenos.
             Slain by comborobin's ghost (6 damage)
             ... on level 3 of the Dungeon.
             The game lasted 00:04:34 (1600 turns).

TruthSerum the Cudgeler (Ogre Gladiator)            Turns: 1600, Time: 00:04:34

Health: -3/48      AC:  3    Str: 20    XL:     4   Next: 14%
Magic:  4/4        EV: 10    Int:  7    God:    Dithmenos [*.....]
Gold:   150        SH:  0    Dex: 11    Spells: 0 memorised, 3 levels left

rFire  . . .     SeeInvis .     a - +0 flail
rCold  . . .     Clarity  .     b - +0 robe
rNeg   . . .     SustAt   .     (no shield)
rPois  .         Gourm    .     c - +0 hat
rElec  .         Spirit   .     (no cloak)
rCorr  .         Warding  .     (gloves unavailable)
rMut   .         Stasis   .     (boots unavailable)
MR     .....                    (no amulet)
Stlth  +.........               (no ring)
                                (no ring)

@: wreathed by umbra, drained, not resistant to hostile enchantments, very
unstealthy
A: unfitting armour, tough skin 1
a: Renounce Religion


You were on level 3 of the Dungeon.
You worshipped Dithmenos.
Dithmenos was aware of your devotion.
You were not hungry.

You visited 1 branch of the dungeon, and saw 3 of its levels.

You collected 150 gold pieces.

Inventory:

Hand weapons
 a - a +0 flail (weapon)
Missiles
 d - 3 throwing nets (quivered)
Armour
 b - a +0 robe (worn)
 c - a +0 hat (worn)
Scrolls
 g - 2 scrolls of identify {unknown}
 h - 2 scrolls of enchant weapon {unknown}
 i - a scroll of magic mapping {unknown}
 j - a scroll of teleportation {unknown}
 o - a scroll of fear {unknown}
Potions
 k - a potion of resistance {unknown}
 l - 2 potions of curing {unknown}
 m - a potion of flight {unknown}
Comestibles
 e - a bread ration
 n - a meat ration


   Skills:
 + Level 4.2(4.0) Fighting
 + Level 5.4(5.2) Maces & Flails
 - Level 2.1(1.9) Throwing
 - Level 2.6(2.4) Dodging


You had 3 spell levels left.
You didn't know any spells.

Dungeon Overview and Level Annotations

Branches:
Dungeon (3/15)

Altars:
Dithmenos
Fedhas

Annotations:
D:3 comborobin's ghost, average FoIE


Innate Abilities, Weirdness & Mutations

You are too large for most types of armour.
You have tough skin (AC +1).


Message History

* * * LOW HITPOINT WARNING * * *
You sock comborobin's ghost!
Comborobin's ghost is moderately damaged.
The giant cockroach bites you but does no damage.
The rat closely misses you. Comborobin's ghost barely misses you.
The giant cockroach bites you but does no damage.
You hit comborobin's ghost but do no damage.
Comborobin's ghost is moderately damaged.
The rat closely misses you. The giant cockroach barely misses you.
Comborobin's ghost barely misses you.
You hit comborobin's ghost but do no damage.
Comborobin's ghost is moderately damaged.
The rat bites you but does no damage. The giant cockroach closely misses you.
Comborobin's ghost hits you.
* * * LOW HITPOINT WARNING * * *
You feel drained. The rat closely misses you.
You hit comborobin's ghost but do no damage.
Comborobin's ghost is moderately damaged.
The giant cockroach closely misses you. Comborobin's ghost hits you.
You die...

.....# .#....#
#. ###...# #. .
#.#....# #.# ..
## #.##.♣.+
#..####. ...
...#...# #[#...
.. ...##.##
#...###.#
......#
###..s...#
....##
##...@r...#
.....#
##..###W.......
.....# #.)##
#........
.....# #.##
#...#....
....## ###.#
#...# ...
....#####...#
#...# ..
##......#.###
#.).# .
#.<.....>#
#####
#......###


You could see comborobin's ghost, a giant cockroach and a rat.

Vanquished Creatures
  2 adders
  An ooze (D:1)
  2 worms
  6 bats
  3 goblins
  5 hobgoblins
  3 jackals (D:1)
  8 kobolds
  2 giant cockroaches
  4 giant newts
  4 rats
40 creatures vanquished.

Notes
Turn   | Place    | Note
--------------------------------------------------------------
     0 | D:1      | TruthSerum the Ogre Gladiator began the quest for the Orb.
     0 | D:1      | Reached XP level 1. HP: 22/22 MP: 1/1
   139 | D:1      | Reached XP level 2. HP: 25/31 MP: 2/2
   589 | D:1      | Reached XP level 3. HP: 32/37 MP: 3/3
   883 | D:2      | Found a blossoming altar of Fedhas.
   884 | D:2      | Found a faded altar to an unknown god.
   895 | D:2      | Became a worshipper of Dithmenos the Shadowed
   912 | D:2      | Reached skill level 5 in Maces & Flails
  1548 | D:3      | Reached XP level 4. HP: 32/48 MP: 4/4
  1587 | D:3      | Noticed comborobin's ghost (average FoIE)
  1600 | D:3      | Slain by comborobin's ghost

Vault maps used:
D:1:      ncdulo_watergridlock
D:2:      ecumenical_altar_1, fedhas_altar_2
D:3:      okawaru_ov_weapons_minmay, grunt_ministairs_13

Action                   |  1- 3 |  4- 6 || total
-------------------------+-------+-------++-------
Melee: Flail             |   125 |    11 ||   136
 Stab: Sleeping          |     3 |       ||     3
  Eat: Chunk             |     2 |       ||     2
